 Dungeon Crawl Stone Soup version 0.20.0-7-g3b7b877 (webtiles) character file.

1834 spiff the Cleaver (level 8, -3/71 HPs)
             Began as a Minotaur Fighter on May 29, 2017.
             Was a Priest of Uskayaw.
             Slain by a two-headed ogre
             ... wielding a +0 giant spiked club
              (7 damage)
             ... on level 7 of the Dungeon.
             The game lasted 00:15:44 (6568 turns).

spiff the Cleaver (Minotaur Fighter)                Turns: 6568, Time: 00:15:45

Health: -3/71      AC: 12    Str: 22    XL:     8   Next: 87%
Magic:  13/17      EV: 10    Int:  5    God:    Uskayaw [***...]
Gold:   322        SH:  0    Dex: 11    Spells: 7/7 levels left

rFire    . . .     SeeInvis .   a - +0 war axe
rCold    . . .     Gourm    .   (no shield)
rNeg     . . .     Faith    .   y - +0 chain mail (curse)
rPois    .         Spirit   .   (helmet restricted)
rElec    .         Reflect  .   t - +1 cloak
rCorr    .         Harm     .   (no gloves)
MR       .....                  (no boots)
Stlth    ..........             (no amulet)
Regen    0.3/turn               i - ring of wizardry
MPRegen  0.2/turn               z - ring of magical power

@: no status effects
A: retaliatory headbutt, horns 2
a: Stomp, Line Pass, Renounce Religion


You were on level 7 of the Dungeon.
You worshipped Uskayaw.
Uskayaw was noncommittal.
You were hungry.

You visited 2 branches of the dungeon, and saw 8 of its levels.

You collected 322 gold pieces.

Inventory:

Hand Weapons
 a - a +0 war axe (weapon)
Missiles
 m - 8 javelins of returning (quivered)
Armour
 b - a +0 scale mail
 c - a +0 shield
 t - a +1 cloak (worn)
 y - a cursed +0 chain mail (worn)
Jewellery
 i - a ring of wizardry (left hand)
 z - a ring of magical power (right hand)
Wands
 w - a wand of disintegration (11/24)
 x - a wand of iceblast (8/15)
 D - a wand of polymorph (11/24)
Scrolls
 e - a scroll of amnesia
 g - a scroll of fear
 o - 3 scrolls of remove curse
 p - 6 scrolls of identify
 u - 2 scrolls of enchant armour
 C - 2 scrolls of teleportation
 G - a scroll of enchant weapon {unknown}
Potions
 d - 4 potions of might
 k - a potion of berserk rage
 l - a potion of brilliance {unknown}
 n - a potion of haste
 r - a potion of ambrosia {unknown}
 s - a potion of agility {unknown}
 v - 2 potions of lignification
 A - a potion of curing {unknown}
 F - a potion of mutation {unknown}
Books
 q - a book of Misfortune

   Spells                             Type                      Level
   a - Confusing Touch                Hexes                        1
   b - Confuse                        Hexes                        3
   c - Gell's Gravitas                Translocation                3
   d - Petrify                        Transmutation/Earth          4
   e - Metabolic Englaciation         Hexes/Ice                    5
   f - Yara's Violent Unravelling     Hexes/Transmutation          5
Comestibles
 f - 7 bread rations
 h - 10 meat rations
 j - 5 royal jellies
 B - 2 fruits
 E - 2 chunks of flesh


   Skills:
 + Level 6.8 Fighting
 * Level 8.8 Axes
 + Level 7.0 Armour
 + Level 5.4 Dodging
 - Level 3.6 Shields
 + Level 2.2 Invocations


You had 7 spell levels left.
You didn't know any spells.

Dungeon Overview and Level Annotations

Branches:
Dungeon (7/15)             Temple (1/1) D:4

Altars:
Ashenzari
Cheibriados
Dithmenos
Elyvilon
Fedhas
Hepliaklqana
Kikubaaqudgha
Makhleb
Nemelex Xobeh
Okawaru
Qazlal
Ru
Sif Muna
Trog
Uskayaw
Xom
Yredelemnul
Zin
The Shining One

Annotations:
D:5 gabygaby's ghost, novice DrTm


Innate Abilities, Weirdness & Mutations

You reflexively headbutt those who attack you in melee.
You have a pair of horns on your head.


Message History

The two-headed ogre hits you with a dire flail!
* * * LOW HITPOINT WARNING * * *
You are too injured to fight recklessly!
You are too injured to fight recklessly!
You are too injured to fight recklessly!
Aiming: Line Pass
Press: ? - help, Dir - move target cursor, f - two-headed ogre
Aim: a two-headed ogre, wielding a giant spiked club and a dire flail (lightly wounded)
You can't stand on top of the monster!
Aiming: Line Pass
Press: ? - help, Dir - move target cursor, p - two-headed ogre The two-headed ogre appears confused.
You are feeling hungry.
You hit the two-headed ogre. You headbutt the two-headed ogre.
The two-headed ogre is lightly wounded.
The two-headed ogre seems less confused.
The two-headed ogre hits you with a giant spiked club!
* * * LOW HITPOINT WARNING * * *
The two-headed ogre hits you with a dire flail!
You die...

##...# #.#
##....######.#
#............#
#....##.######
#####...##.#
##..###...#.#
##....###....#
...##......##.##.#
#.....@O.....##.#
.....####.#..###..
.## #...## ####
#.### #.# #.. ###


You could see a two-headed ogre.

Vanquished Creatures
  A hippogriff (D:7)
  A black bear (D:6)
  A phantom (D:4)
  A sky beast (D:7)
  An ogre (D:7)
  The ghost of zhorgal the Gusty, an amateur TeAE (D:3)
  A bullfrog (D:6)
  A scorpion (D:6)
  A water moccasin skeleton (D:7)
  3 howler monkeys
  5 wights
  2 crimson imps (D:7)
  A bullfrog zombie (D:5)
  3 hounds
  2 orc priests (D:6)
  Crazy Yiuf (D:2)
  A bullfrog skeleton (D:5)
  A jelly (D:5)
  3 orc wizards (D:6)
  An iguana (D:4)
  2 worker ants (D:5)
  A worker ant zombie (D:5)
  4 gnolls (D:2)
  9 adders
  2 adder skeletons
  7 worms
  2 dart slugs
  6 leopard geckos
  9 orcs
  2 ball pythons
  10 bats
  A giant cockroach (D:2)
  7 goblins
  11 hobgoblins
  3 quokkas
  5 frilled lizards (D:1)
  2 gnoll zombies (D:2)
  9 kobolds
  9 rats
133 creatures vanquished.

Notes
Turn   | Place    | Note
-------+----------+-------------------------------------------
     0 | D:1      | spiff the Minotaur Fighter began the quest for the Orb.
     0 | D:1      | Reached XP level 1. HP: 19/19 MP: 0/0
   191 | D:1      | Reached XP level 2. HP: 27/27 MP: 1/1
   279 | D:1      | Reached skill level 1 in Dodging
   524 | D:1      | Reached skill level 3 in Axes
   760 | D:2      | Reached XP level 3. HP: 22/33 MP: 2/2
  1298 | D:2      | Found a basalt altar of Yredelemnul.
  1383 | D:2      | Reached XP level 4. HP: 40/40 MP: 3/3
  1513 | D:2      | Found a runed door.
  1666 | D:2      | Reached skill level 4 in Axes
  1674 | D:2      | HP: 2/41 [worm (6)]
  2268 | D:2      | Noticed Crazy Yiuf
  2275 | D:2      | Killed Crazy Yiuf
  2275 | D:2      | Reached XP level 5. HP: 47/47 MP: 4/4
  2562 | D:3      | Noticed zhorgal's ghost (amateur TeAE)
  2584 | D:3      | Killed zhorgal's ghost
  2584 | D:3      | Reached skill level 5 in Axes
  2721 | D:3      | Reached XP level 6. HP: 55/55 MP: 5/5
  3502 | D:4      | Found a glowing golden altar of the Shining One.
  3583 | D:4      | Reached skill level 5 in Fighting
  3583 | D:4      | Reached skill level 5 in Armour
  3685 | D:4      | Found an ancient bone altar of Kikubaaqudgha.
  3743 | D:4      | Found a staircase to the Ecumenical Temple.
  3748 | Temple   | Entered the Ecumenical Temple
  4274 | D:5      | Entered Level 5 of the Dungeon
  4376 | D:5      | Noticed gabygaby's ghost (novice DrTm)
  4496 | D:5      | Reached skill level 6 in Axes
  4496 | D:5      | Reached XP level 7. HP: 48/61 MP: 6/6
  5183 | D:6      | Reached skill level 7 in Axes
  5186 | D:6      | Found a hide-covered altar of Uskayaw.
  5237 | D:5      | Reached XP level 8. HP: 26/70 MP: 7/7
  5542 | D:6      | Became a worshipper of Uskayaw the Reveler
  5677 | D:6      | Reached * piety under Uskayaw
  5679 | D:6      | Reached ** piety under Uskayaw
  6209 | D:7      | Noticed a hippogriff
  6215 | D:7      | Reached *** piety under Uskayaw
  6219 | D:7      | Killed a hippogriff
  6219 | D:7      | Reached skill level 8 in Axes
  6219 | D:7      | Reached skill level 5 in Dodging
  6219 | D:7      | Reached skill level 1 in Invocations
  6219 | D:7      | Reached **** piety under Uskayaw
  6451 | D:7      | Found a glowing silver altar of Zin.
  6461 | D:7      | Found an iron altar of Okawaru.
  6561 | D:7      | Noticed a two-headed ogre
  6568 | D:7      | Slain by a two-headed ogre

Skill      XL: |  1  2  3  4  5  6  7  8 |
---------------+-------------------------+-----
Dodging        | 1 2 3 4 5 |  5.4
Axes           | 3 4 5 6 7 8 |  8.8
Fighting       | 4 5 6 |  6.8
Armour         | 4 5 6 7 |  7.0
Invocations    | 2 |  2.2
Shields        | |  3.6

Action                   |  1- 3 |  4- 6 |  7- 9 || total
-------------------------+-------+-------+-------++-------
Melee: War axe           |    88 |   152 |   138 ||   378
       Headbutt          |     9 |    21 |    32 ||    62
Invok: Line Pass         |       |       |     1 ||     1
  Use: Scroll            |       |    12 |       ||    12
 Stab: Paralysed         |       |       |     3 ||     3
  Eat: Chunk             |     1 |    10 |     7 ||    18
Armor: Scale mail        |    49 |    71 |    33 ||   153
       Chain mail        |       |       |    37 ||    37
Dodge: Dodged            |    38 |   109 |    94 ||   241
